 Dungeon Crawl Stone Soup version 0.31.0-12-g77e489cdc1 (webtiles) character file.

Game seed: 10089837832951112350

22 nightchill the Trooper (level 2, 25/27 HPs)
             Began as a Minotaur Fighter on Feb 18, 2024.
             Quit the game on level 1 of the Dungeon.
             The game lasted 00:01:11 (346 turns).

nightchill the Trooper (Minotaur Fighter)            Turns: 346, Time: 00:01:12

Health: 25/27      AC:  6    Str: 20    XL:     2   Next: 68%
Magic:  1/1        EV:  9    Int:  5    God:
Gold:   17         SH:  4    Dex:  9    Spells: 1/1 levels left

rFire   . . .        a - +0 war axe
rCold   . . .        c - +0 buckler
rNeg    . . .        b - +0 scale mail
rPois   .            (helmet restricted)
rElec   .            (no cloak)
rCorr   .            (no gloves)
SInv    .            (no boots)
Will    .....        (no amulet) Stlth
                     (no ring)
HPRegen 0.24/turn    (no ring)
MPRegen 0.07/turn

%: no passive effects
@: no status effects
A: horns 2, retaliatory headbutt
a: no special abilities


You were on level 1 of the Dungeon.
You visited 1 branch of the dungeon, and saw 1 of its levels.

You collected 17 gold pieces.

Inventory:

Hand Weapons
 a - a +0 war axe (weapon)
Missiles
 f - 6 poisoned darts (quivered)
Armour
 b - a +0 scale mail (worn)
 c - a +0 buckler (worn)
Scrolls
 g - a scroll of enchant weapon {unknown}
 h - a scroll of vulnerability {unknown}
Potions
 d - 3 potions of might
 e - a potion of mutation {unknown}
 i - a potion of brilliance {unknown}


   Skills:
 + Level 4.1 Fighting
 * Level 3.5 Axes
 - Level 3.6 Armour
 - Level 3.6 Shields


You had one spell level left.
You didn't know any spells.
Your spell library contained the following spells:

 Spells                   Type           Power      Damage    Failure   Level
 Freeze                   Ice            0%         1d3       88%         1
 Frozen Ramparts          Ice            0%         1d1       99%         3
 Hailstorm                Conj/Ice       0%         3d5       99%         3


Dungeon Overview and Level Annotations

Branches:
Dungeon (1/15)

Altars:


Innate Abilities, Weirdness & Mutations

You have a pair of horns on your head.
You reflexively headbutt those who attack you in melee.


Message History

The goblin is severely wounded.
You block the goblin's attack.
You closely miss the goblin.
The goblin is severely wounded.
The goblin hits you with a +0 club.
You hit the goblin.
You kill the goblin!
The rat bites you.
Things that are here:
a +0 club; a goblin corpse You hit the rat but do no damage.
The rat barely misses you. You furiously retaliate!
You headbutt the rat!
You kill the rat!
You see here a rat corpse.
There is an open door here.
A bat comes into view.
A bat is nearby!
A bat is nearby!
A bat is nearby!
The bat hits you.
You miss the bat. The bat hits you but does no damage.
You closely miss the bat. The bat completely misses you.
You slash the bat!
You kill the bat!
No target in view!
No target in view!
You pick up a book of Frost and begin reading...
You add the spells Freeze, Frozen Ramparts and Hailstorm to your library.
h - a scroll labelled FYOBLIU AKEAGG A kobold comes into view.
It is wielding a +0 club.
The kobold shouts!
The kobold hits you but does no damage.
You hit the kobold but do no damage. The kobold completely misses you.
You barely miss the kobold. The kobold closely misses you.
The kobold hits you with a +0 club.
You slash the kobold!
You kill the kobold!
No target in view!
i - a sapphire potion Are you sure you want to abandon this character and quit the game? (Confirm with "yes".)

.....'...+ ######...#
.# # #...# .# .# #
###+#.# .# # #.....#
..# ###### #.....#...#
.....# #.....#...#
...>.########........#
................@....+
.................)...#
..................##.#
#'#.....†.....#+#.# #
#†#...........# ...
#)#...........# .###
#.#...........# ..
#.#...........# .#
#.#...........# .#


There were no monsters in sight!

Vanquished Creatures
  A dart slug (D:1)
  A ball python (D:1)
  4 bats (D:1)
  An endoplasm (D:1)
  4 goblins (D:1)
  2 hobgoblins (D:1)
  A frilled lizard (D:1)
  2 kobolds (D:1)
  3 rats (D:1)
19 creatures vanquished.

Notes
Turn   | Place    | Note
-------+----------+-------------------------------------------
     0 | D:1      | nightchill the Minotaur Fighter began the quest for the
                  | Orb.
     0 | D:1      | Reached XP level 1. HP: 19/19 MP: 0/0
   146 | D:1      | Reached XP level 2. HP: 27/27 MP: 1/1
   216 | D:1      | Reached skill level 4 in Fighting
   346 | D:1      | Quit the game

Illustrated notes

Levels and vault maps discovered:
D:1:      wander_arrival_estate, layout_basic, st_stairs_13

Skill      XL: |  1  2 |
---------------+-------+-----
Axes           | 3 |  3.5
Fighting       | 4 |  4.1
Armour         | |  3.6
Shields        | |  3.6

Action                     || total
---------------------------++-------
  Melee: War axe           ||    54
         Headbutt          ||     3
 Armour: Scale mail        ||    32
  Dodge: Dodged            ||    31
  Block: Buckler           ||     9
